 Dungeon Crawl Stone Soup version 0.30-a0-860-g512cf1e979 (webtiles) character file.

Game seed: 6963113846329725189

666 Rocko1345 the Slasher (level 7, -2/49 HPs)
             Began as a Demonspawn Chaos Knight on Mar 7, 2023.
             Was a Plaything of Xom.
             Slain by an ogre
             ... wielding a +0 halberd
              (11 damage)
             ... in a bailey.
             The game lasted 00:13:19 (3675 turns).

Rocko1345 the Slasher (Demonspawn Chaos Knight)     Turns: 3675, Time: 00:13:19

Health: -2/49      AC: 12    Str: 15    XL:     7   Next: 31%
Magic:  7/7        EV:  7    Int: 13    God:    Xom [....*.]
Gold:   267        SH:  6    Dex: 12    Spells: 6/6 levels left

rFire   . . .      SeeInvis .    o - +1 spear (vamp)
rCold   + . .      Faith    .    (no shield)
rNeg    . . .      Spirit   .    e - +2 chain mail
rPois   .          Reflect  .    p - +0 helmet
rElec   .          Rampage  .    (no cloak)
rCorr   .          Rage     3%   (no gloves)
Will    +....                    (no boots) Stlth
                                 j - amulet of magic regeneration
HPRegen 0.28/turn                (no ring)
MPRegen 0.50/turn                (no ring)

@: no status effects
A: large bone plates 2, demonic guardian 1, talons 1, berserk 1, cold resistance
1, frail 1, strong-willed 1, MP-powered wands
a: Renounce Religion


You were in a bailey.
You worshipped Xom.
You were a beloved toy of Xom.
You visited 1 branch of the dungeon, and saw 6 of its levels.
You also visited: Bailey.

You collected 267 gold pieces.

Inventory:

Hand Weapons
 a - a +0 falchion of chaos
 f - a +0 scythe of protection
 k - a +0 glaive
 o - a +1 vampiric spear (weapon)
Missiles
 q - 4 poisoned darts
Armour
 b - a +2 leather armour
 e - a +2 chain mail (worn)
 p - a +0 helmet (worn)
 w - a +2 leather armour of poison resistance
Jewellery
 j - an amulet of magic regeneration (around neck)
 u - an amulet of the acrobat
Wands
 r - a wand of paralysis (2)
Scrolls
 d - a scroll of enchant weapon {unknown}
 g - a scroll of fog
 m - a scroll of vulnerability {unknown}
 t - a scroll of magic mapping {unknown}
 v - a scroll of teleportation
 y - a scroll of immolation {unknown}
Potions
 h - 2 potions of attraction
 i - a potion of might {unknown}
 l - a potion of magic {unknown}
 s - a potion of curing
Miscellaneous
 c - a piece from Xom's chessboard (13/15) (quivered)


   Skills:
 * Level 4.9 Fighting
 * Level 5.0 Long Blades
 + Level 1.9 Polearms
 + Level 3.8 Armour
 + Level 1.4 Dodging
 + Level 0.6 Stealth
 + Level 1.0 Shields
 + Level 0.4 Evocations


You had 6 spell levels left.
You didn't know any spells.
Your spell library was empty.

Dungeon Overview and Level Annotations

Branches:
Dungeon (8/15)             Bailey (1/1)
 Temple: D:4-7         Lair: D:8-11

Altars:
Xom


Innate Abilities, Weirdness & Mutations

You are mostly covered in large bone plates. (SH +6)
A weak demonic guardian rushes to your aid.
You have sharp toenails.
You sometimes lose your temper in combat.
Your flesh is cold resistant. (rC+)
You are frail. (-10% HP)
You are strong-willed. (Will+)
You expend magic power (3 MP) to strengthen your wands.


Message History

The ogre shouts!
You hear a shout!
You hear two shouts!
You make a move on Xom's chessboard...
The ogre resists with some effort.
You make a move on Xom's chessboard...
The ogre falls asleep!
Aiming: Paralyse
Press: ? - help, Q - select action, (/) - cycle Shift-Dir - straight line, f - ogre
Aim: an ogre, wielding a +0 halberd (asleep, chance to affect: 53%)
You feel a surge of power!
The ogre suddenly stops moving!
An ogre comes into view. It is wielding a +0 halberd.
Reach: o) +1 spear (vamp)
Press: ? - help, Dir - move target, f/p - ogre
Aim: an ogre, wielding a +0 halberd (paralysed, about 2% to evade your +1 vampiric spear)
You reach to attack!
The helpless ogre fails to defend itself.
You puncture the ogre!
The ogre is moderately wounded.
The ogre hits you from afar with a +0 halberd!
Reach: o) +1 spear (vamp)
Press: ? - help, Dir - move target, f/p - ogre
Aim: an ogre, wielding a +0 halberd (moderately wounded, paralysed, about 2% to evade your +1 vampiric spear)
You reach to attack!
The helpless ogre fails to defend itself.
You puncture the ogre!
You feel better.
The ogre is heavily wounded.
The ogre hits you from afar with a +0 halberd!!
Reach: o) +1 spear (vamp)
Press: ? - help, Dir - move target, f/p - ogre
Aim: an ogre, wielding a +0 halberd (heavily wounded, paralysed, about 2% to evade your +1 vampiric spear)
You reach to attack!
The helpless ogre fails to defend itself.
You hit the ogre.
The ogre is heavily wounded. "Heh heh heh..."
You are confused.
The ogre looks rather confused.
The ogre hits you with a +0 halberd! x2
* * * LOW HITPOINT WARNING * * *
A demonic guardian appears!
You feel better. The ogre hits you with a +0 halberd!
You die...
Xom howls with laughter!

#######
###.5...###
##....O....##
##......@....##
#....∩..O∩....#
##......O....##
##.........##
###~~~~~###
#~~~~~# #~~~~~#
#.......#
#.........#


You could see 3 ogres and a friendly white imp (summoned).

Vanquished Creatures
  Sigmund (D:4)
  A black bear (D:5)
  An ogre (D:4)
  2 hounds (D:4)
  An orc priest (D:8)
  A sleepcap (D:3)
  Robin (D:2)
  3 adders (D:2)
  A dart slug (D:1)
  5 orcs
  3 endoplasms
  3 giant cockroaches
  14 goblins
  6 hobgoblins
  4 jackals (D:2)
  2 quokkas
  3 ball pythons
  5 bats
  A frilled lizard (D:1)
  4 kobolds
  5 rats
67 creatures vanquished.

Vanquished Creatures (collateral kills)
  An ogre (D:4)
  An orc wizard (D:4)
  A dart slug (D:3)
  2 orcs (D:4)
  2 goblins (D:4)
  A kobold (D:1)
8 creatures vanquished.

Vanquished Creatures (others)
  2 demonic plants (D:3)
2 creatures vanquished.

Grand Total: 77 creatures vanquished

Notes
Turn   | Place    | Note
-------+----------+-------------------------------------------
     0 | D:1      | Rocko1345 the Demonspawn Chaos Knight began the quest for
                  | the Orb.
     0 | D:1      | Reached XP level 1. HP: 18/18 MP: 1/1
   117 | D:1      | Reached skill level 3 in Long Blades
   187 | D:1      | Gained mutation: You are partially covered in large bone
                  | plates. (SH +4) [demonic ancestry]
   187 | D:1      | Reached XP level 2. HP: 23/24 MP: 2/2
   285 | D:1      | XOM: silly message
   643 | D:1      | XOM: silly message
   945 | D:2      | XOM: god gift: 50 gold pieces
   962 | D:2      | Reached skill level 1 in Dodging
  1159 | D:2      | Gained mutation: A weak demonic guardian rushes to your
                  | aid. [demonic ancestry]
  1159 | D:2      | Reached XP level 3. HP: 29/29 MP: 3/3
  1261 | D:2      | Noticed Robin
  1308 | D:2      | Killed Robin
  1361 | D:2      | Reached XP level 4. HP: 37/37 MP: 4/4
  1466 | D:2      | XOM: give mutations
  1466 | D:2      | Gained mutation: Your body sometimes deteriorates upon
                  | taking damage. [Xom's mischief]
  1466 | D:2      | Gained mutation: You are clumsy. (Dex -2) [Xom's mischief]
  1466 | D:2      | Lost mutation: You are clumsy. (Dex -2) [Xom's mischief]
  1584 | D:2      | XOM: silly message
  1945 | D:3      | XOM: 4-stop teleportation journey
  1977 | D:3      | Reached skill level 4 in Long Blades
  2044 | D:3      | Found a faded altar of an unknown god.
  2224 | D:3      | Noticed a water moccasin
  2233 | D:3      | XOM: cleaving
  2240 | D:3      | XOM: divination: detect creatures
  2249 | D:3      | XOM: snakes to sticks
  2463 | D:3      | XOM: scenery: create altars
  2487 | D:3      | XOM: give mutations
  2487 | D:3      | Gained mutation: You are clumsy. (Dex -2) [Xom's mischief]
  2487 | D:3      | Gained mutation: You occasionally lose the ability to read
                  | scrolls when taking damage. [Xom's mischief]
  2487 | D:3      | Lost mutation: You are clumsy. (Dex -2) [Xom's mischief]
  2487 | D:3      | Gained mutation: You have hidden genetic defects. [Xom's
                  | mischief]
  2672 | D:4      | Noticed an ogre
  2684 | D:4      | Killed an ogre
  2685 | D:4      | Reached XP level 5. HP: 42/42 MP: 5/5
  2714 | D:4      | Gained mutation: You are frail. (-10% HP) [hidden defects]
  2769 | D:4      | XOM: scenery: 1 doors open
  2769 | D:4      | Noticed an ogre
  2772 | D:4      | Noticed Sigmund
  2777 | D:4      | XOM: summons 5 friendly demons
  2793 | D:4      | Killed an ogre
  2794 | D:4      | Reached XP level 6. HP: 14/43 MP: 6/6
  2801 | D:4      | Gained mutation: You have terrible hidden genetic defects.
                  | [hidden defects]
  2801 | D:4      | Lost mutation: You have terrible hidden genetic defects.
                  | [hidden defects expressed]
  2843 | D:4      | Killed Sigmund
  2844 | D:4      | Reached skill level 1 in Polearms
  2861 | D:4      | Gained mutation: You occasionally lose the ability to drink
                  | potions when taking damage. [hidden defects]
  3016 | D:4      | XOM: give mutations
  3016 | D:4      | Gained mutation: Your mind is acute. (Int +4, Str/Dex -1)
                  | [Xom's grace]
  3016 | D:4      | Gained mutation: You are strong-willed. (Will+) [Xom's
                  | grace]
  3078 | D:4      | Reached XP level 7. HP: 49/49 MP: 7/7
  3375 | D:4      | XOM: fog
  3400 | D:4      | Gained mutation: Your spells are a little easier to cast,
                  | but a little less powerful. [hidden defects]
  3400 | D:4      | Lost mutation: You have hidden genetic defects. [hidden
                  | defects expressed]
  3404 | D:4      | Lost mutation: You occasionally lose the ability to read
                  | scrolls when taking damage. [potion of mutation]
  3404 | D:4      | Lost mutation: Your spells are a little easier to cast, but
                  | a little less powerful. [potion of mutation]
  3404 | D:4      | Lost mutation: Your mind is acute. (Int +4, Str/Dex -1)
                  | [potion of mutation]
  3404 | D:4      | Gained mutation: You are clumsy. (Dex -2) [potion of
                  | mutation]
  3405 | D:4      | Lost mutation: You are clumsy. (Dex -2) [potion of
                  | mutation]
  3405 | D:4      | Lost mutation: You occasionally lose the ability to drink
                  | potions when taking damage. [potion of mutation]
  3405 | D:4      | Lost mutation: Your body sometimes deteriorates upon taking
                  | damage. [potion of mutation]
  3405 | D:4      | Gained mutation: You sometimes lose your temper in combat.
                  | [potion of mutation]
  3405 | D:4      | Gained mutation: You have sharp toenails. [potion of
                  | mutation]
  3485 | D:5      | Entered Level 5 of the Dungeon
  3558 | D:5      | Reached skill level 5 in Long Blades
  3558 | D:5      | Reached skill level 1 in Shields
  3567 | D:5      | XOM: give mutations
  3567 | D:5      | Gained mutation: You are mostly covered in large bone
                  | plates. (SH +6) [Xom's grace]
  3567 | D:5      | Gained mutation: You expend magic power (3 MP) to
                  | strengthen your wands. [Xom's grace]
  3567 | D:5      | Gained mutation: Your flesh is cold resistant. (rC+) [Xom's
                  | grace]
  3573 | D:5      | You fall into a shaft and drop 3 floors!
  3607 | D:8      | Found a flagged portal.
  3650 | Bailey   | Entered a bailey
  3673 | Bailey   | XOM: confusion (+ monsters)
  3674 | Bailey   | HP: 2/49 [ogre/+0 halberd (15)]
  3675 | Bailey   | Slain by an ogre

Illustrated notes

Levels and vault maps discovered:
D:1:      dpeg_arrival_arbitrary_a, layout_loops_ring
D:2:      layout_rooms, uniq_robin
D:3:      layout_basic, shapermc_ecumenical_altar_gd,
          minmay_misc_feat_more_columns
D:4:      layout_basic, uniq_sigmund
D:5:      layout_cave_pools
D:8:      layout_rooms, enter_bailey_1, chequers_decorated_corner, minivault_22,
          uniq_pikel, uniq_gastronok, uniq_joseph
Bailey:   bailey_polearm_enchanted_keep_hellmonk, bailey

Skill      XL: |  1  2  3  4  5  6  7 |
---------------+----------------------+-----
Long Blades    | 3 4 5 |  5.0
Armour         | 2 3 |  3.8
Dodging        | 1 |  1.4
Fighting       | 4 |  4.9
Polearms       | 1 |  1.9
Shields        | 1 |  1.0
Stealth        | |  0.6
Evocations     | |  0.4

Action                     |  1- 3 |  4- 6 |  7- 9 || total
---------------------------+-------+-------+-------++-------
  Melee: Falchion          |   112 |    57 |       ||   169
         Punch             |     1 |     1 |     1 ||     3
         Spear             |       |    67 |    42 ||   109
         Kick              |       |       |     6 ||     6
  Evoke: Piece from Xom's  |       |     5 |     2 ||     7
         Wand              |       |       |     1 ||     1
    Use: Scroll            |     1 |     6 |     1 ||     8
         Potion            |       |     3 |     3 ||     6
   Stab: Distracted        |       |     2 |       ||     2
         Paralysed         |       |       |     3 ||     3
 Armour: Chain mail        |    74 |    89 |    26 ||   189
  Dodge: Dodged            |    31 |    32 |     8 ||    71
  Block: Other             |    15 |    19 |     6 ||    40

Table legend: (Time is in decaauts)
 A = Elapsed time spent in this place.
 B = Non-inter-level travel time spent in this place.
 C = Inter-level travel time spent in this place.
 D = Time resting spent in this place.
 E = Time spent auto-exploring this place.
 F = Levels seen in this place.
 G = Mean time per level.
                   A        B        C        D        E       F      G
               +--------+--------+--------+--------+--------+-----+--------+
         Total |   3712 |   3483 |    229 |    507 |   1937 |   7 |  530.3 |
       Dungeon |   3687 |   3458 |    229 |    507 |   1937 |   6 |  614.5 |
        Bailey |     25 |     25 |      0 |      0 |      0 |   1 |   25.0 |
               +--------+--------+--------+--------+--------+-----+--------+

Top non-repeatable levels by time:
     D:1: 930 daAuts
     D:4: 913 daAuts
     D:3: 872 daAuts
     D:2: 858 daAuts
     D:8: 87 daAuts
  Bailey: 25 daAuts
     D:5: 24 daAuts
